 Dungeon Crawl Stone Soup version 0.28-a0-851-g8b9cc49659 (webtiles) character file.

Game seed: 14171488587315094922

57 jasper the Chiller (level 3, -7/24 HPs)
             Began as a Vampire Ice Elementalist on Nov 15, 2021.
             Killed by nerve-wracking pain
             ... invoked by Jessica
              (10 damage)
             ... on level 2 of the Dungeon.
             The game lasted 00:03:11 (1533 turns).

jasper the Chiller (Vampire Ice Elementalist)       Turns: 1533, Time: 00:03:11

Health: -7/24      AC:  2    Str:  7    XL:     3   Next: 73%
Magic:  3/6        EV: 12    Int: 18    God:
Gold:   47         SH:  0    Dex: 14    Spells: 5/6 levels left

rFire   . . .      SeeInvis +   (no weapon)
rCold   . . .      Faith    .   (no shield)
rNeg    . . .      Spirit   .   a - +0 robe
rPois   .          Reflect  .   (no helmet)
rElec   .          Harm     .   (no cloak)
rCorr   .          Rampage  .   (no gloves)
Will    .....                   (no boots)
Stlth   ++........              (no amulet)
HPRegen 0.28/turn               (no ring)
MPRegen 0.10/turn               (no ring)

@: healing quickly
A: alive, fangs 3, see invisible, vampiric 2
a: Exsanguinate


You were on level 2 of the Dungeon.
You visited 1 branch of the dungeon, and saw 2 of its levels.

You collected 47 gold pieces.

Inventory:

Armour
 a - a +0 robe (worn)
Jewellery
 c - an amulet of faith
Scrolls
 d - a scroll of magic mapping {unknown}
Potions
 b - 3 potions of brilliance {unknown}
 e - a potion of heal wounds {unknown}
 f - 2 potions of curing {unknown}


   Skills:
 - Level 2.1 Dodging
 - Level 3.0 Stealth
 - Level 2.0 Spellcasting
 * Level 5.4 Ice Magic


You had 5 spell levels left.
You knew the following spells:

 Your Spells              Type           Power      Damage    Failure   Level
a - Freeze                Ice            84%        1d10      1%          1

Your spell library contained the following spells:

 Spells                   Type           Power      Damage    Failure   Level
 Frozen Ramparts          Ice            42%        1d6       6%          3
 Ozocubu's Armour         Ice            21%        N/A       6%          3
 Hailstorm                Conj/Ice       11%        3d5       52%         4


Dungeon Overview and Level Annotations

Branches:
Dungeon (2/15)

Altars:

Annotations:
D:2 Jessica


Innate Abilities, Weirdness & Mutations

Your natural rate of healing is accelerated.
You have razor-sharp teeth.
You have supernaturally acute eyesight. (SInv)
You are afflicted with vampirism and can become a bat while bloodless.


Message History

You kill the endoplasm!
The hobgoblin shouts!
You now have 3/6 mp.
The hobgoblin throws a stone.
The stone hits you.
You take 1 damage, and have 19/24 hp.
Your magical contamination has completely faded away.
Aiming: Freeze (safe; 1% risk of failure)
Press: ? - help, Q - select action Shift-Dir - straight line, f - hobgoblin
Aim: a hobgoblin, wearing a +0 leather armour and quivering stones You freeze the hobgoblin!
You kill the hobgoblin!
You now have 2/6 mp.
HP restored.
A kobold comes into view. It is wielding a +0 club.
Health restored: 24 You regained 2 mp, and now have 4/6 mp.
A kobold is nearby!
Jessica the Apprentice Sorceress comes into view.
She is wielding a +0 dagger.
Aiming: Freeze (safe; 1% risk of failure)
Press: ? - help, Q - select action Shift-Dir - straight line, f - kobold
Aim: a kobold, wielding a +0 club You freeze the kobold.
You kill the kobold!
Jessica points at you and mumbles some strange words.
Pain shoots through your body!
You take 6 damage, and have 18/24 hp.
MASSIVE DAMAGE!!
Jessica points at you and mumbles some strange words.
Pain shoots through your body!
You take 10 damage, and have 8/24 hp.
MASSIVE DAMAGE!!
Jessica hits you with a +0 dagger.
* * * LOW HITPOINT WARNING * * *
You take 6 damage, and have 3/24 hp.
MASSIVE DAMAGE!!
Aiming: Freeze (safe; 1% risk of failure)
Press: ? - help, Q - select action Shift-Dir - straight line, f - Jessica
Aim: Jessica, wielding a +0 dagger and wearing a +0 robe You freeze Jessica.
Jessica is moderately wounded.
Jessica casts a spell at you. Pain shoots through your body!
You die...

#.#.†.......#
#.#.#.##.##.# .#
#.#.#.##..#.# .#
#......#..#.## .#
###.#.....>..#
#.### #..........#
.... #.##.###.#.#
..# #.##.#
#.#.####..##.##
#.# #
#...@@.........
#.#
.....#.####)#.#.##
.##......(# ...
.....#### .....
##... .#.#..# #..
.... .# #.. .. #.
# .. ..


You could see Jessica.

Vanquished Creatures
  2 dart slugs (D:1)
  8 endoplasms
  A giant cockroach (D:1)
  3 goblins (D:1)
  8 hobgoblins
  3 jackals (D:1)
  4 quokkas
  5 ball pythons
  5 bats
  3 kobolds
  2 rats
44 creatures vanquished.

Notes
Turn   | Place    | Note
-------+----------+-------------------------------------------
     0 | D:1      | jasper the Vampire Ice Elementalist began the quest for the
                  | Orb.
     0 | D:1      | Reached XP level 1. HP: 13/13 MP: 3/3
   172 | D:1      | Reached XP level 2. HP: 16/19 MP: 0/5
   914 | D:1      | Reached skill level 5 in Ice Magic
   915 | D:1      | Gained mutation: You are afflicted with vampirism and can
                  | become a bat while bloodless. [Vampire growth]
   915 | D:1      | Reached XP level 3. HP: 23/24 MP: 3/6
  1526 | D:2      | Noticed Jessica
  1533 | D:2      | Killed from afar by Jessica

Illustrated notes

Levels and vault maps discovered:
D:1:      shiori_arrival_maze, layout_basic
D:2:      layout_loops_cross, basic_ecumenical_altar, hex_medium,
          grunt_decor_one_mirror, uniq_jessica

Skill      XL: |  1  2 |
---------------+-------+-----
Ice Magic      | 5 |  5.4
Dodging        | |  2.1
Stealth        | |  3.0
Spellcasting   | |  2.0

Action                   || total
-------------------------++-------
Melee: Unarmed           ||    18
       Bite              ||     1
 Cast: Freeze            ||    67
Armor: Robe              ||    11
Dodge: Dodged            ||    38

Table legend: (Time is in decaauts)
 A = Elapsed time spent in this place.
 B = Non-inter-level travel time spent in this place.
 C = Inter-level travel time spent in this place.
 D = Time resting spent in this place.
 E = Time spent auto-exploring this place.
 F = Levels seen in this place.
 G = Mean time per level.
                   A        B        C        D        E       F      G
               +--------+--------+--------+--------+--------+-----+--------+
         Total |   1532 |   1517 |     15 |     65 |   1151 |   2 |  766.0 |
       Dungeon |   1532 |   1517 |     15 |     65 |   1151 |   2 |  766.0 |
               +--------+--------+--------+--------+--------+-----+--------+

Top non-repeatable levels by time:
     D:1: 1314 daAuts
     D:2: 218 daAuts
